 Dungeon Crawl Stone Soup version 0.30.0-29-ga12c61a403 (webtiles) character file.

Game seed: 3726825816496067848

89 JanusIIV the Ruffian (level 4, -14/39 HPs)
             Began as a Troll Fighter on June 6, 2023.
             Demolished by a gnoll
             ... wielding a +0 halberd
              (16 damage)
             ... on level 2 of the Dungeon.
             The game lasted 00:01:57 (1215 turns).

JanusIIV the Ruffian (Troll Fighter)                Turns: 1215, Time: 00:01:57

Health: -14/39     AC:  4    Str: 24    XL:     4   Next: 31%
Magic:  3/3        EV:  8    Int:  6    God:
Gold:   131        SH:  7    Dex:  9    Spells: 3/3 levels left

rFire   . .          .
                       - Unarmed
rCold   . . .        b - +0 kite shield
rNeg    . . .        a - +0 robe
rPois   .            (helmet restricted)
rElec   .            (no cloak)
rCorr   .            (gloves unavailable)
SInv    .            (boots unavailable)
Will    .....        (no amulet)
Stlth   +            (no ring)
HPRegen 1.06/turn    (no ring)
MPRegen 0.08/turn

%: no passive effects
@: no status effects
A: large, unfitting armour, claws 3, regeneration 1, shaggy fur 1, tough skin 1,
frail 1, high MP 1, MP-powered wands
a: no special abilities


You were on level 2 of the Dungeon.
You visited 1 branch of the dungeon, and saw 2 of its levels.

You collected 131 gold pieces.

Inventory:

Armour
 a - a +0 robe (worn)
 b - a +0 kite shield (worn)
Scrolls
 e - 4 scrolls of identify {unknown}
 i - 2 scrolls of magic mapping {unknown}
Potions
 c - a potion of might
 d - a potion of attraction {unknown}
 f - a potion of mutation
 g - a potion of lignification {unknown}
 h - a potion of degeneration {unknown}


   Skills:
 + Level 2.9 Fighting
 - Level 2.4 Dodging
 + Level 3.3 Shields
 * Level 3.5 Unarmed Combat


You had 3 spell levels left.
You didn't know any spells.
Your spell library was empty.

Dungeon Overview and Level Annotations

Branches:
Dungeon (2/15)

Altars:

Shops:
D:1 *


Innate Abilities, Weirdness & Mutations

You are too large for most types of armour.
You have claws for hands.
Your natural rate of healing is unusually fast.
You are covered in fur. (AC +1)
You have tough skin. (AC +1)
You are frail. (-10% HP)
You have an increased reservoir of magic. (+10% MP)
You expend magic power (3 MP) to strengthen your wands.


Message History

a jackal corpse; a jackal corpse You block the gnoll's attack.
Things that are here:
a jackal corpse; a jackal corpse You scratch the gnoll.
The gnoll is heavily wounded.
You block the gnoll's attack.
You completely miss the gnoll.
The gnoll is heavily wounded.
The gnoll hits you with a +0 halberd!
* * * LOW HITPOINT WARNING * * *
You completely miss the gnoll.
The gnoll is moderately wounded.
You block the gnoll's attack.
You scratch the gnoll but do no damage.
The gnoll is moderately wounded.
You block the gnoll's attack.
You closely miss the gnoll.
The gnoll is moderately wounded.
You block the gnoll's attack.
You barely miss the gnoll.
The gnoll is moderately wounded.
The gnoll hits you with a +0 halberd!
* * * LOW HITPOINT WARNING * * *
You scratch the gnoll.
The gnoll is heavily wounded.
The gnoll hits you with a +0 halberd.
* * * LOW HITPOINT WARNING * * *
You scratch the gnoll but do no damage.
The gnoll is heavily wounded.
The gnoll barely misses you.
You closely miss the gnoll.
The gnoll is heavily wounded.
The gnoll hits you with a +0 halberd!
* * * LOW HITPOINT WARNING * * *
It was a potion of mutation.
You feel extremely strange.
You feel frail.
You feel more energetic.
You feel your magical essence link to the dungeon's wands.
The gnoll hits you with a +0 halberd!
You die...

###.# #...# ####.# #.###
.....# #.##### ######
#.##.. ## #####.##.# #
.########.....##.#####.#
..........##..........<#
.....#####
#.###@#>.#.... ####.##
#.###g#..##.#. #...#
#.##.g......# #...#
#.##.##.##### #...#
##..†....## #...#
#.).......# #...#
#.##.†....#
###...#####)##..###.#..
...........g#.......#..


You could see a gnoll and a goblin.

Vanquished Creatures
  3 gnolls (D:2)
  An adder (D:2)
  3 ball pythons
  6 endoplasms
  9 goblins
  6 hobgoblins
  4 jackals (D:2)
  2 quokkas (D:1)
  5 bats (D:1)
  2 kobolds (D:1)
  5 rats
46 creatures vanquished.

Notes
Turn   | Place    | Note
-------+----------+-------------------------------------------
     0 | D:1      | JanusIIV the Troll Fighter began the quest for the Orb.
     0 | D:1      | Reached XP level 1. HP: 22/22 MP: 0/0
   339 | D:1      | Reached XP level 2. HP: 29/29 MP: 1/1
   642 | D:1      | Found Zuypa's Assorted Antiques.
   930 | D:2      | Reached XP level 3. HP: 36/36 MP: 2/2
  1172 | D:2      | Reached XP level 4. HP: 35/44 MP: 3/3
  1214 | D:2      | HP: 1/44 [gnoll/+0 halberd (7)]
  1215 | D:2      | Gained mutation: You are frail. (-10% HP) [potion of
                  | mutation]
  1215 | D:2      | Gained mutation: You have an increased reservoir of magic.
                  | (+10% MP) [potion of mutation]
  1215 | D:2      | Gained mutation: You expend magic power (3 MP) to
                  | strengthen your wands. [potion of mutation]
  1215 | D:2      | Demolished by a gnoll

Illustrated notes

Levels and vault maps discovered:
D:1:      lightli_arrival_chessboard, layout_basic, serial_shops, shop
D:2:      kennysheep_the_goblin_king, layout_loops_cross, minmay_pentomino_s2,
          uniq_robin

Skill      XL: |  1  2  3 |
---------------+----------+-----
Shields        | 3 |  3.3
Unarmed Combat | 3 |  3.5
Fighting       | |  2.9
Dodging        | |  2.4

Action                     |  1- 3 |  4- 6 || total
---------------------------+-------+-------++-------
  Melee: Unarmed           |    87 |    34 ||   121
    Use: Potion            |       |     1 ||     1
   Stab: Sleeping          |     1 |       ||     1
 Armour: Robe              |    34 |     8 ||    42
  Dodge: Dodged            |    27 |    13 ||    40
  Block: Kite shield       |    28 |     9 ||    37
